 Dungeon Crawl Stone Soup version 0.29.1-12-g30fa7ad0bf (webtiles) character file.

Game seed: 5039616633828715768

8831 warriortoast the Destroyer (level 11, 10/66 HPs)
             Began as a Green Draconian Conjurer on Dec 12, 2022.
             Was a Priest of Hepliaklqana.
             Quit the game on level 10 of the Dungeon.
             The game lasted 00:25:42 (14015 turns).

warriortoast the Destroyer (DrCj)                  Turns: 14015, Time: 00:25:42

Health: 10/66      AC: 15    Str: 10    XL:     11   Next: 15%
Magic:  23/23      EV: 13    Int: 29    God:    Hepliaklqana [***...]
Gold:   361        SH:  0    Dex:  9    Spells: 17/27 levels left

rFire   . . .      SeeInvis .   q - +2 mace of Calamity {vorpal, Int+6}
rCold   + . .      Faith    .   (no shield)
rNeg    . . .      Spirit   .   (body armour unavailable)
rPois   +          Reflect  .   G - +2 hat {Will+}
rElec   .          Harm     .   D - +1 cloak
rCorr   .          Rampage  .   (no gloves)
Will    +....                   (no boots)
Stlth   ++++......              (no amulet)
HPRegen 0.21/turn               f - +4 ring of protection
MPRegen 0.18/turn               w - ring of protection from cold

@: no status effects
A: reduced essence, breathe noxious fumes, AC +7, unfitting armour, poison
resistance, cold-blooded
a: Breathe Noxious Fumes, Renounce Religion, Recall Ancestor, Ancestor Identity,
Transference


You were on level 10 of the Dungeon.
You worshipped Hepliaklqana.
Hepliaklqana was most pleased with you.
You visited 2 branches of the dungeon, and saw 11 of its levels.

You collected 451 gold pieces.
You spent 90 gold pieces at shops.

Inventory:

Hand Weapons
 h - a +0 vampiric dagger
 i - a +1 whip of venom
 q - the +2 mace of Calamity (weapon) {vorpal, Int+6}
   (You found it on level 5 of the Dungeon)

   It inflicts extra damage upon your enemies.
   Int:       It affects your intelligence (+6).
Armour
 D - a +1 cloak (worn)
 G - a +2 hat of willpower (worn)
Magical Staves
 m - a staff of air
Jewellery
 f - a +4 ring of protection (left hand)
 g - a ring of ice
 k - a ring of resist corrosion
 s - an amulet of guardian spirit
 w - a ring of protection from cold (right hand)
 I - a ring of ice
Wands
 d - a wand of flame (42)
 l - a wand of polymorph (8)
 t - a wand of mindburst (15)
 M - a wand of digging (8)
Scrolls
 c - 4 scrolls of teleportation
 u - a scroll of blinking
 B - 2 scrolls of identify
Potions
 a - a potion of magic
 b - 2 potions of degeneration
 e - a potion of heal wounds
 j - 2 potions of lignification
 n - a potion of attraction {unknown}
 o - 2 potions of ambrosia
 p - 3 potions of haste {unknown}
 r - 2 potions of mutation {unknown}
 v - 4 potions of curing {unknown}
 E - a potion of flight {unknown}
 H - a potion of cancellation {unknown}
 K - a potion of invisibility {unknown}


   Skills:
 - Level 5.0 Dodging
 + Level 9.2 Stealth
 + Level 8.5 Spellcasting
 + Level 10.1 Conjurations
 - Level 5.0 Hexes


You had 17 spell levels left.
You knew the following spells:

 Your Spells              Type           Power      Damage    Failure   Level
a - Magic Dart            Conj           100%       1d8       1%          1
b - Searing Ray           Conj           100%       2d8       1%          2
c - Dazzling Flash        Conj/Hex       100%       N/A       1%          3
d - Fulminant Prism       Conj/Hex       27%        3d14      1%          4

Your spell library contained the following spells:

 Spells                   Type           Power      Damage    Failure   Level
 Iskenderun's Mystic Bla  Conj/Tloc      41%        2d9       5%          4
 Sublimation of Blood     Necr           12%        N/A       7%          2
 Wereblood                Tmut           12%        N/A       7%          2
 Summon Hydra             Summ           6%         N/A       100%        7


Dungeon Overview and Level Annotations

Branches:
Dungeon (10/15)            Temple (1/1) D:4
   Lair: D:8-11         Orc: D:9-12

Altars:
Ashenzari
Cheibriados
Fedhas
Gozag
Hepliaklqana
Kikubaaqudgha
Makhleb
Nemelex Xobeh
Okawaru
Qazlal
Ru
Sif Muna
Trog
Vehumet
Xom
Zin
The Shining One

Shops:
D:4 [(*=


Innate Abilities, Weirdness & Mutations

Your life essence is reduced to manifest your ancestor. (-10% HP)
You can breathe blasts of noxious fumes.
Your lurid green scales are hard. (AC +7)
You cannot fit into any form of body armour.
Your system is resistant to poisons. (rPois)
You are cold-blooded and may be slowed by cold attacks.


Message History

The yak is almost dead.
The yak barely misses you.
The magic dart hits the yak.
The yak is almost dead.
The yak barely misses you.
The magic dart hits the yak but does no damage.
The yak is almost dead.
The yak gores you.
The magic dart hits the yak but does no damage.
The yak is almost dead.
The yak gores you.
You are too injured to fight recklessly!
You are too injured to fight recklessly!
You are too injured to fight recklessly!
Aiming: Magic Dart (safe; 1% risk of failure)
Press: ? - help, Q - select action, (/) - cycle Shift-Dir - straight line, f/p - yak
Aim: a yak (almost dead, 100% to hit)
The magic dart hits the yak!
You kill the yak!
Aiming: Magic Dart (safe; 1% risk of failure)
Press: ? - help, Q - select action, (/) - cycle Shift-Dir - straight line, f - you That beam is likely to hit you.
Continue anyway?
Okay, then.
You start resting.
Magic restored.
You start resting.
HP restored.
You climb downwards.
You hear the roar of battle.
There is an entrance to a bailey on this level.
Hurry and find it before the portal closes forever!
You hear the loud creaking of a portcullis very nearby.
The killer bee barely misses you. The killer bee closely misses you.
The killer bee stings you but does no damage.
The killer bee stings you. x2; The killer bee closely misses you.
The two-headed ogre hits you with a +0 giant club!! x2
* * * LOW HITPOINT WARNING * * *
The killer bee closely misses you. The killer bee misses you.
The killer bee closely misses you.
There is a stone staircase leading up, spattered with blood here.
Are you sure you want to abandon this character and quit the game? (Confirm with "yes".)

..... .... ....... #..#
....Y.. #..# ....... #..#
.......
###############..######....y..
..............................
.................y.Y..).......
###############.@yo...........
#y.O############ #...# #...#
########...########
...................
.............#####
.............# .............#


You could see a two-headed ogre, a yak, 3 killer bees and an orc priest.

Vanquished Creatures
  A two-headed ogre (D:9)
  Maurice (D:8)
  A wyvern (D:8)
  5 yaks (D:9)
  Eustachio (D:4)
  A steam dragon (D:8)
  An acid dragon (D:9)
  A water moccasin (D:7)
  An orc warrior (D:8)
  A sky beast (D:7)
  An ogre (D:8)
  A centaur (D:5)
  2 kobold brigands (D:8)
  4 bullfrogs
  Blork the orc (D:4)
  2 scorpions (D:5)
  2 wights (D:6)
  5 killer bees
  3 howler monkeys (D:7)
  6 hounds
  A jelly (D:5)
  2 gnoll boudas (D:8)
  4 orc priests
  4 orc wizards
  Robin (D:2)
  13 gnolls
  4 adders
  2 white imps (D:6)
  3 worms
  2 dart slugs
  15 orcs
  3 ball pythons
  3 endoplasms
  2 giant cockroaches
  13 goblins
  4 hobgoblins
  2 quokkas
  3 bats
  A frilled lizard (D:1)
  2 kobolds
  4 rats
  A fulminant prism (D:8)
130 creatures vanquished.

Vanquished Creatures (collateral kills)
  Gastronok (D:8)
  A two-headed ogre (D:10)
  12 yaks
  A basilisk (D:9)
  A black bear (D:4)
  2 orc warriors (D:8)
  3 ogres (D:8)
  2 centaurs
  A kobold brigand (D:8)
  A wight (D:6)
  2 killer bees (D:8)
  A gnoll bouda (D:8)
  An orc priest (D:8)
  An orc wizard (D:8)
  6 gnolls
  2 orcs
  2 kobolds (D:8)
40 creatures vanquished.

Vanquished Creatures (others)
  3 ancestors
  A kobold (D:8)
  12 fulminant prisms
  6 fungi (D:8)
  23 plants
45 creatures vanquished.

Grand Total: 215 creatures vanquished

Notes
Turn   | Place    | Note
-------+----------+-------------------------------------------
     0 | D:1      | warriortoast the Draconian Conjurer began the quest for the
                  | Orb.
     0 | D:1      | Reached XP level 1. HP: 14/14 MP: 3/3
   572 | D:1      | Reached XP level 2. HP: 20/20 MP: 3/5
   887 | D:2      | Found a faded altar of an unknown god.
  1322 | D:2      | Reached XP level 3. HP: 16/26 MP: 0/6
  1878 | D:2      | Reached XP level 4. HP: 33/33 MP: 2/7
  2097 | D:2      | Noticed Robin
  2105 | D:2      | Killed Robin
  3119 | D:3      | Found a shimmering blue altar of Sif Muna.
  3936 | D:4      | Found Sicwufye's Assorted Antiques.
  3941 | D:4      | Noticed Eustachio
  3967 | D:4      | Found Hedaezylicw's Antique Weapon Shoppe.
  3973 | D:4      | Bought an inky potion for 21 gold pieces
  3973 | D:4      | Bought a scroll labelled HYLUNT SEURPHUT for 24 gold pieces
  3973 | D:4      | Bought a ruby potion for 21 gold pieces
  3973 | D:4      | Bought a scroll labelled JYARU GOTOERI for 24 gold pieces
  3978 | D:4      | Reached XP level 5. HP: 38/38 MP: 6/9
  4268 | D:4      | Found a staircase to the Ecumenical Temple.
  4277 | Temple   | Entered the Ecumenical Temple
  4336 | Temple   | Became a worshipper of Hepliaklqana the Forgotten
  4405 | D:4      | Found a glowing golden altar of the Shining One.
  4577 | D:4      | Found Kaasch's Antique Armour Shoppe.
  4666 | D:4      | Noticed a black bear
  4986 | D:4      | Noticed Blork the orc
  5183 | D:4      | Killed Blork the orc
  5184 | D:4      | Reached skill level 5 in Conjurations
  5365 | D:3      | Learned a level 2 spell: Searing Ray
  5369 | D:3      | Learned a level 3 spell: Dazzling Flash
  5468 | D:5      | Entered Level 5 of the Dungeon
  5488 | D:5      | Reached XP level 6. HP: 45/45 MP: 8/10
  5493 | D:5      | Learned a level 4 spell: Fulminant Prism
  5703 | D:5      | Reached skill level 1 in Hexes
  5810 | D:5      | Identified the +2 mace of Calamity {vorpal, Int+6}
  6130 | D:5      | Your scales start taking on a lurid green colour.
  6130 | D:5      | Reached XP level 7. HP: 42/50 MP: 9/12
  6130 | D:5      | Gained mutation: Your system is resistant to poisons.
                  | (rPois) [Green Draconian growth]
  6589 | D:5      | Found an iron altar of Okawaru.
  6591 | D:5      | Found a broken altar of Ashenzari.
  6592 | D:5      | Found an opulent altar of Gozag.
  6853 | D:5      | Reached * piety under Hepliaklqana
  7902 | D:6      | Reached XP level 8. HP: 49/51 MP: 6/14
  8106 | D:6      | Found a sacrificial altar of Ru.
  8360 | D:7      | Reached skill level 6 in Conjurations
  8573 | D:4      | Killed Eustachio
  8574 | D:4      | Reached skill level 5 in Stealth
  8686 | D:4      | Found Puecukk's Jewellery Emporium.
  9015 | D:7      | Reached ** piety under Hepliaklqana
  9410 | D:7      | Reached skill level 5 in Dodging
  9410 | D:7      | Reached skill level 5 in Spellcasting
  9926 | D:8      | Noticed Maurice
 10100 | D:8      | Killed Maurice
 10101 | D:8      | Reached skill level 7 in Conjurations
 10101 | D:8      | Reached XP level 9. HP: 55/55 MP: 4/17
 10405 | D:8      | Noticed Gastronok
 10675 | D:7      | Remembered your ancestor Thamphthis as a knight
 11053 | D:8      | Killed Gastronok
 11054 | D:8      | Reached skill level 8 in Conjurations
 11054 | D:8      | Reached skill level 5 in Hexes
 11054 | D:8      | Reached XP level 10. HP: 62/62 MP: 2/19
 11230 | D:8      | Found a blossoming altar of Fedhas.
 11430 | D:8      | Found a bloodstained altar of Trog.
 12402 | D:9      | Found a radiant altar of Vehumet.
 12418 | D:9      | Reached skill level 9 in Conjurations
 12749 | D:9      | Noticed a two-headed ogre
 12759 | D:9      | Reached *** piety under Hepliaklqana
 12781 | D:9      | Killed a two-headed ogre
 13316 | D:10     | Entered Level 10 of the Dungeon
 13409 | D:10     | Noticed a two-headed ogre
 13416 | D:10     | Killed a two-headed ogre
 13417 | D:10     | Reached XP level 11. HP: 66/66 MP: 13/23
 13429 | D:10     | Reached skill level 10 in Conjurations
 13591 | D:10     | Noticed a two-headed ogre
 14015 | D:10     | Quit the game

Illustrated notes

Levels and vault maps discovered:
D:1:      amcnicky_arrival_abandoned_market, layout_basic
D:2:      layout_loops_ring, serial_rivers, chequers_serial_rivers_micro_b,
          chequers_serial_rivers_micro_b, chequers_serial_rivers_micro_e,
          chequers_serial_rivers_large_b, chequers_serial_rivers_large_a,
          nicolae_ecumenical_oubliette, minmay_misc_feat_more_columns,
          serial_bayou_crossing, uniq_robin
D:3:      layout_basic, mainiacjoe_overflow_tiny_flanked
D:4:      layout_gridville, nicolae_tso_carved_into_rock,
          minmay_temple_entry_large_hall, serial_shops, shop, shop, shop,
          nicolae_shop_overgrown_old_shop, minmay_misc_feat_diagonals,
          uniq_blork_the_orc, uniq_eustachio
D:5:      layout_cave_pods, minitemple
D:6:      layout_cave_pods, mainiacjoe_overflow_catwalk
D:7:      layout_loops_corners
D:8:      kennysheep_seaside_town, layout_loops_cross, trog_book,
          general_overflow_altar, uniq_maurice, uniq_gastronok
D:9:      layout_long_grid, mainiacjoe_overflow_24_doors
D:10:     layout_long_grid, enter_bailey_4, minivault_16
Temple:   dshaligram_water_room_temple

Skill      XL: |  1  2  3  4  5  6  7  8  9 10 11 |
---------------+----------------------------------+-----
Stealth        | 2 3 4 6 7 9 |  9.2
Dodging        | 2 3 4 5 |  5.0
Spellcasting   | 3 4 5 6 8 |  8.5
Conjurations   | 5 7 8 9 10 | 10.1
Hexes          | 1 2 4 5 |  5.0

Action                   |  1- 3 |  4- 6 |  7- 9 | 10-12 || total
-------------------------+-------+-------+-------+-------++-------
Melee: Whip              |    12 |    29 |       |       ||    41
       Dagger            |     6 |       |       |       ||     6
       Tailslap          |       |     3 |       |       ||     3
       Mace              |       |    13 |    23 |    10 ||    46
       Punch             |       |     1 |       |       ||     1
 Cast: Magic Dart        |    54 |   147 |   236 |   149 ||   586
       Fulminant Prism   |       |       |     5 |     8 ||    13
       Searing Ray       |       |       |     1 |     3 ||     4
       Dazzling Flash    |       |       |       |     1 ||     1
Invok: Recall Ancestor   |       |       |     2 |     2 ||     4
       Ancestor Life: Kn |       |       |     1 |       ||     1
 Abil: Breathe Noxious F |       |       |     2 |       ||     2
Evoke: Wand              |       |       |     1 |       ||     1
  Use: Potion            |     1 |       |       |       ||     1
       Scroll            |       |     8 |       |     9 ||    17
Armor: Skin              |    11 |    45 |    34 |    40 ||   130
Dodge: Dodged            |    14 |    50 |    68 |    63 ||   195
